Map: Submarine LE

Players

prospeKt - Winner!

  • Race: Zerg Zerg
  • League: Platinum
  • Spawn Location: 11:00

Levitate

  • Race: Zerg Zerg
  • League: Diamond
  • Spawn Location: 5:00

VOD

Have the link to the VOD?

Description

Time

  • Played on: June 10, 2020, 5:42 p.m.
  • Length: 12:36
Show
View Real Time Build Order
Export as new Build Order

prospeKt Zerg - Winner!

Build Orders: Hatch First, Roach Hydra 

Get SALT Encoding   

  12  0:00  Drone  
  13  0:12  Overlord  
  13  0:22  Drone  
  14  0:31  Drone x2  
  16  0:40  Drone  
  17  0:54  Hatchery  
  16  0:57  Drone  
  16  1:01  Drone  
  18  1:17  Spawning Pool  
  18  1:18  Drone  
  18  1:26  Drone  
  18  1:29  Drone  
  18  1:32  Extractor  
  19  1:39  Drone  
  20  1:50  Drone  
  21  2:01  Drone  
  22  2:06  Overlord, Queen x2  
  26  2:14  Drone  
  27  2:20  Drone  
  28  2:25  Drone  
  28  2:29  Overlord  
  29  2:33  Drone  
  30  2:43  Drone  
  31  2:46  Lair  
  31  2:47  Drone  
  32  2:52  Drone  
  32  2:57  Drone  
  34  2:58  Spine Crawler  
  34  3:03  Drone  
  34  3:06  Overlord  
  34  3:14  Drone  
  34  3:15  Drone  
  36  3:23  Queen  
  36  3:25  Roach Warren, Drone  
  36  3:26  Drone x2  
  40  3:33  Evolution Chamber, Drone  
  40  3:34  Drone  
  41  3:40  Extractor  
  41  3:41  Drone x3, Extractor  
  43  3:48  Drone x2  
  43  3:49  Overlord  
  44  3:59  Zerg Missile Weapons Level 1  
  44  4:02  Overlord  
  44  4:05  Glial Reconstitution  
  44  4:06  Queen  
  44  4:07  Roach x2  
  50  4:18  Roach  
  50  4:19  Overlord  
  52  4:26  Roach  
  52  4:27  Roach x2  
  58  4:34  Roach  
  58  4:41  Roach x3  
  58  4:44  Drone x3  
  59  4:54  Roach  
  59  4:57  Drone x2  
  63  5:04  Evolution Chamber  
  62  5:10  Drone x2  
  64  5:24  Drone  
  64  5:25  Overlord, Drone x3  
  68  5:42  Extractor  
  67  5:44  Hydralisk Den  
  67  5:45  Drone x2  
  67  5:46  Drone x2  
  70  5:58  Hatchery, Overseer  
  70  6:00  Drone x5  
  74  6:13  Queen  
  74  6:17  Drone  
  74  6:18  Drone  
  76  6:20  Overlord x2  
  76  6:41  Roach x6  
  86  6:47  Zerg Missile Weapons Level 2  
  86  6:54  Roach x3  
  92  7:12  Roach x3  
  92  7:13  Overlord x2  
  96  7:29  Grooved Spines  
  96  7:30  Drone x2  
  96  7:32  Drone  
  96  7:33  Drone x2  
  96  7:36  Zerg Ground Armor Level 1  
  101  7:39  Drone  
  101  7:41  Drone  
  103  7:44  Extractor  
  103  7:45  Extractor  
  99  8:01  Roach x5  
  99  8:02  Roach x4  
  91  8:14  Roach x5  
  97  8:24  Hydralisk x8  
  113  8:38  Overlord x3  
  113  8:40  Muscular Augments  
  113  8:54  Infestation Pit  
  112  9:10  Drone x13  
  125  9:17  Hydralisk x4  
  133  9:29  Hatchery  
  132  9:40  Overlord x3  
  132  9:51  Overlord x3  
  132  9:53  Overlord x2  
  132  10:04  Hydralisk  
  132  10:05  Hydralisk x10  
  132  10:06  Hatchery  
  153  10:07  Hive  
  153  10:11  Lurker Den  
  153  10:13  Zerg Ground Armor Level 2  
  152  10:14  Hydralisk  
  152  10:15  Hydralisk x2  
  158  10:23  Drone x9  
  167  10:45  Overseer  
  167  10:53  Extractor  
  167  10:54  Spine Crawler, Drone x5  
  167  10:55  Spine Crawler, Drone x2  
  167  10:56  Spine Crawler, Drone x6  
  167  10:57  Drone x2  
  178  10:58  Extractor  
  177  11:15  Hydralisk x8  
  193  11:21  Drone x3  
  196  11:39  Hydralisk  
  196  11:40  Hydralisk  
  200  12:06  Hatchery  
Show
View Real Time Build Order
Export as new Build Order

Levitate Zerg 

Build Orders: Hatch First, Zergling Baneling 

Get SALT Encoding   

  12  0:09  Overlord  
  12  0:13  Drone  
  13  0:16  Drone  
  14  0:27  Drone  
  15  0:31  Drone  
  16  0:42  Drone  
  17  0:53  Hatchery  
  16  1:09  Drone, Extractor  
  16  1:10  Drone  
  17  1:17  Spawning Pool  
  16  1:19  Drone  
  16  1:25  Drone  
  18  1:35  Drone  
  19  1:57  Drone  
  19  2:00  Drone  
  21  2:06  Queen  
  23  2:08  Overlord  
  23  2:10  Drone  
  23  2:13  Metabolic Boost  
  24  2:24  Drone x2  
  26  2:32  Drone x2, Baneling Nest  
  27  2:38  Queen  
  27  2:43  Drone x2  
  31  2:59  Drone x2  
  33  3:08  Overlord x2  
  33  3:12  Zergling x4  
  35  3:20  Zergling x2  
  35  3:25  Queen  
  38  3:28  Zergling x2  
  38  3:29  Queen  
  38  3:31  Baneling x2  
  38  3:34  Baneling x2  
  41  3:35  Zergling x2  
  41  3:36  Zergling x2  
  43  3:43  Zergling x6  
  43  3:44  Zergling x2  
  47  3:53  Zergling x4  
  49  4:01  Zergling x2  
  50  4:08  Zergling x4  
  52  4:14  Baneling x2  
  52  4:15  Baneling x3  
  52  4:19  Overlord x3  
  46  4:44  Zergling x8  
  41  4:51  Zergling x2  
  42  4:56  Roach Warren  
  42  4:57  Extractor x2  
  39  5:00  Extractor  
  39  5:02  Drone x2  
  39  5:03  Drone x2  
  42  5:22  Drone x4  
  42  5:23  Drone x3  
  49  5:30  Drone  
  50  5:35  Drone  
  50  5:37  Roach x3  
  50  5:38  Roach x3  
  63  5:52  Roach  
  63  5:53  Roach x3  
  71  5:58  Zergling x2  
  68  6:19  Roach x3  
  68  6:20  Roach  
  68  6:23  Overlord x2  
  75  6:29  Overlord x2  
  75  6:40  Queen x2  
  75  6:46  Roach x2  
  82  6:47  Roach x2  
  86  6:55  Roach x3  
  86  6:56  Roach x3  
  98  7:06  Roach x2  
  102  7:09  Roach x2  
  96  7:27  Zergling x8  
  96  7:28  Zergling x4  
  96  7:35  Roach  
  96  7:36  Roach x3  
  102  7:52  Ravager x2  
  102  7:54  Ravager  
  98  8:05  Roach x4  
  91  8:06  Zergling x8  
  83  8:17  Roach  
  83  8:18  Roach  
  78  8:23  Ravager x2  
  78  8:24  Ravager x4  
  78  8:25  Zergling x6  
  78  8:26  Roach x3  
  79  8:43  Roach  
  79  8:49  Roach x3  
  79  8:55  Roach x3  
  91  8:56  Roach x3  
  91  8:59  Ravager  
  91  9:00  Ravager x2  
  100  9:04  Hatchery  
  100  9:08  Roach x3  
  105  9:14  Pneumatized Carapace  
  105  9:27  Overlord x3  
  105  9:28  Overlord  
  105  9:57  Zergling x4  
  105  9:58  Baneling Nest  
  105  9:59  Overlord x4  
  106  10:08  Zergling x2  
  107  10:19  Zergling x8  
  107  10:20  Zergling x2  
  107  10:21  Zergling x12  
  118  10:36  Zergling x4  
  118  10:37  Zergling x2  
  121  10:45  Roach x3  
  121  10:46  Zergling x8  
  121  10:47  Baneling  
  121  10:48  Baneling x17  
  121  10:49  Baneling  
  131  10:55  Lair  
  131  11:03  Overlord  
  131  11:13  Baneling  
  131  11:14  Baneling x12  
  131  11:15  Baneling  
  131  11:22  Drone x3  
  135  11:40  Drone x3  
  135  11:41  Drone x4  
  135  11:42  Drone x2  
  135  11:44  Drone  
Tags
 
Add a new tag
Caveats
  • Supply blocks, unpowered buildings, or Contaminate may cause inaccurate times.
  • Supply counts are checked every 10 seconds.